 Dungeon Crawl Stone Soup version 0.29-a0-1027-gcd8c55af63 (webtiles) character file.

Game seed: 14386673363331974971

236 Conn the Sneak (level 6, 0/34 (36) HPs)
             Began as an Octopode Fire Elementalist on Aug 13, 2022.
             Slain by a wight
             ... wielding a +3 hand axe
              (6 damage)
             ... on level 5 of the Dungeon.
             The game lasted 00:07:57 (3107 turns).

Conn the Sneak (Octopode Fire Elementalist)         Turns: 3107, Time: 00:07:57

HP:   0/34 (36)     AC:  1    Str:  8    XL:     6   Next: 6%
MP:   1/9           EV: 13    Int: 19    God:
Gold: 174           SH:  5    Dex: 17    Spells: 1/10 levels left

rFire   . . .      SeeInvis .   y - +2 dagger (flame)
rCold   . . .      Faith    .   (no shield)
rNeg    . . .      Spirit   .   (helmet restricted)
rPois   +          Reflect  +   j - amulet of reflection
rElec   .          Harm     .   n - ring of poison resistance
rCorr   +          Rampage  .   v - ring of flight
Will    .....                   z - ring of Tazefroc {rCorr Dex+5 Slay+3}
Stlth   ++++......              (no ring)
HPRegen 0.11/turn               (no ring)
MPRegen 0.11/turn               (no ring)
                                (no ring)
                                (no ring)

@: brilliant, attractive, flying, drained
A: almost no armour, amphibious, 8 rings, camouflage 1, gelatinous body 1,
(nimble swimmer 1), tentacles
a: no special abilities


You were on level 5 of the Dungeon.
You visited 1 branch of the dungeon, and saw 5 of its levels.

You collected 174 gold pieces.

Inventory:

Hand Weapons
 b - a +0 dagger
 l - a +0 dagger of venom
 y - a +2 dagger of flaming (weapon)
Jewellery
 j - an amulet of reflection (around mantle)
 n - a ring of poison resistance (left tentacle)
 v - a ring of flight (right tentacle)
 z - the ring of Tazefroc (on tentacle) {rCorr Dex+5 Slay+3}
   (You found it on level 3 of the Dungeon)

   [ring of resist corrosion]

   Dex:       It affects your dexterity (+5).
   Slay:      It affects your accuracy & damage with ranged weapons and melee
   (+3).
   rCorr:     It protects you from acid and corrosion.
Scrolls
 d - 2 scrolls of enchant weapon
 g - 2 scrolls of noise {unknown}
 k - 2 scrolls of enchant armour {unknown}
 m - 2 scrolls of summoning
 o - a scroll of poison {unknown}
 q - 3 scrolls of identify {unknown}
 r - a scroll of amnesia {unknown}
 s - 2 scrolls of teleportation {unknown}
 t - a scroll of vulnerability {unknown}
 A - a scroll of fear {unknown}
Potions
 a - a potion of magic
 c - a potion of brilliance
 e - a potion of heal wounds {unknown}
 f - a potion of flight
 h - 3 potions of attraction
 i - a potion of curing
 p - a potion of lignification {unknown}
 u - a potion of mutation {unknown}
 w - a potion of berserk rage {unknown}
 x - a potion of haste {unknown}


   Skills:
 + Level 0.1 Fighting
 + Level 0.5 Short Blades
 + Level 2.2 Dodging
 + Level 6.0 Stealth
 + Level 0.1 Shields
 + Level 0.3 Unarmed Combat
 + Level 2.6 Spellcasting
 + Level 2.0 Conjurations
 + Level 4.1 Fire Magic


You had one spell level left.
You knew the following spells:

 Your Spells              Type           Power      Damage    Failure   Level
a - Foxfire               Conj/Fire      84%        2x1d8     4%          1
b - Conjure Flame         Conj/Fire      21%        6-21      13%         3
c - Inner Flame           Hex/Fire       15%        N/A       21%         3
e - Scorch                Fire           54%        2d7       4%          2

Your spell library contained the following spells:

 Spells                   Type           Power      Damage    Failure   Level
 Freeze                   Ice            12%        1d4       16%         1
 Flame Wave               Conj/Fire      21%        2d8       41%         4
 Frozen Ramparts          Ice            6%         1d1       43%         3
 Hailstorm                Conj/Ice       9%         3d4       71%         4


Dungeon Overview and Level Annotations

Branches:
Dungeon (5/15)
 Temple: D:4-7

Altars:
Ashenzari
Dithmenos
Gozag

Annotations:
D:4 1 runed translucent door, Stonecrops's ghost, amateur DsGl


Innate Abilities, Weirdness & Mutations

You cannot wear most types of armour.
You are amphibious.
You can wear up to eight rings at the same time.
Your skin changes colour to match your surroundings (Stealth+).
Your rubbery body absorbs attacks. (AC +1, EV +1)
((You are camouflaged when in or above water. (Stealth+)))
You have tentacles for arms and can constrict up to eight enemies at once.


Message History

Your +1 dagger of flaming glows red for a moment.
As you read the scroll labelled KOIJUI PEOMEF, it crumbles to dust.
Wisps of shadow whirl around you...
It was a scroll of summoning.
The scorpion barely misses your jackal.
The wight hits your jackal with a +0 mace.
The wight drains your jackal.
Your jackal dies!
Your jackal's corpse dissolves into shadows!
The wight hits you with a +0 dagger!
* * * LOW HITPOINT WARNING * * *
You feel drained.
The wight hits your adder with a +3 hand axe!
It was a potion of attraction.
You feel attractive to monsters. The scorpion stings your jackal.
Your jackal is poisoned.
The scorpion poisons your jackal!
Your jackal bites the scorpion but does no damage.
Your adder closely misses the wight.
The wight misses you.
The wight hits your adder with a +3 hand axe!
Your adder dies!
Your adder's corpse dissolves into shadows!
The black bear barely misses your jackal. x2
The black bear claws your jackal. The wight is attracted toward you. x3
It was a potion of brilliance.
You feel clever all of a sudden.
Your jackal closely misses the scorpion.
The scorpion barely misses your jackal. The black bear bites your jackal.
Your jackal dies!
Your jackal's corpse dissolves into shadows!
The scorpion is attracted toward you.
Okay, then.
It was a potion of flight.
You feel more buoyant.
It was a potion of curing.
You feel better.
A wight comes into view. It is wielding a +0 war axe.
The wight hits you with a +3 hand axe!
* * * LOW HITPOINT WARNING * * *
You feel drained.
You die...

......###
....z...####
...........##
.......<....#
.......ยง...##
.......(zzh#
........zzs#
...#....##z##
.. ##..####@#
. #.. ### ##.
#.


You could see a black bear, a scorpion and 5 wights.

Vanquished Creatures
  2 orc priests (D:4)
  2 orc wizards (D:4)
  2 adders
  A worm (D:2)
  2 dart slugs
  9 orcs
  2 ball pythons
  3 bats
  8 endoplasms
  4 giant cockroaches
  9 goblins
  7 hobgoblins
  4 jackals (D:1)
  3 quokkas
  5 frilled lizards
  7 kobolds
  22 rats
92 creatures vanquished.

Vanquished Creatures (others)
  181 foxfires
181 creatures vanquished.

Grand Total: 273 creatures vanquished

Notes
Turn   | Place    | Note
-------+----------+-------------------------------------------
     0 | D:1      | Conn the Octopode Fire Elementalist began the quest for the
                  | Orb.
     0 | D:1      | Reached XP level 1. HP: 11/11 MP: 3/3
   180 | D:1      | Reached XP level 2. HP: 17/17 MP: 0/5
   466 | D:1      | Reached XP level 3. HP: 21/21 MP: 0/6
  1040 | D:2      | Reached skill level 3 in Stealth
  1177 | D:2      | Found a faded altar of an unknown god.
  1278 | D:2      | Reached XP level 4. HP: 27/27 MP: 3/7
  1680 | D:3      | Found a shadowy altar of Dithmenos.
  1747 | D:3      | Found an opulent altar of Gozag.
  2133 | D:3      | Found a broken altar of Ashenzari.
  2146 | D:3      | Identified the ring of Tazefroc {rCorr Dex+5 Slay+3}
  2807 | D:4      | Found a runed translucent door.
  2813 | D:4      | Reached skill level 4 in Stealth
  2813 | D:4      | Reached XP level 5. HP: 31/31 MP: 8/8
  2821 | D:4      | Noticed Stonecrops's ghost (amateur DsGl)
  2837 | D:4      | Reached skill level 5 in Stealth
  2910 | D:4      | Reached XP level 6. HP: 31/36 MP: 6/9
  2952 | D:3      | Learned a level 2 spell: Scorch
  2956 | D:3      | Learned a level 3 spell: Conjure Flame
  2960 | D:3      | Learned a level 3 spell: Inner Flame
  3010 | D:4      | Reached skill level 6 in Stealth
  3096 | D:5      | Entered Level 5 of the Dungeon
  3096 | D:5      | Noticed a black bear
  3107 | D:5      | Slain by a wight

Illustrated notes

Levels and vault maps discovered:
D:1:      lemuel_arrival_river_ford, layout_rooms
D:2:      layout_loops_ring, chequers_ecumenical_altar_simple_redux
D:3:      layout_basic, lemuel_crystal_altar, mainiacjoe_overflow_tiny_flanked,
          grunt_gozag_statues, minmay_rat_hole
D:4:      layout_cave_pools, overflow_temple_1_default,
          ebering_ghost_reflecting_pool
D:5:      minmay_chambers_of_threes, layout_layer_cave,
          nicolae_vehumet_altar_sigil, serial_shops, shop,
          amcnicky_mini_rare_corridor_liquid

Skill      XL: |  1  2  3  4  5  6 |
---------------+-------------------+-----
Fire Magic     | 4 |  4.1
Stealth        | 3 4 5 6 |  6.0
Conjurations   | 2 |  2.0
Fighting       | |  0.1
Short Blades   | |  0.5
Dodging        | |  2.2
Shields        | |  0.1
Unarmed Combat | |  0.3
Spellcasting   | |  2.6

Action                   |  1- 3 |  4- 6 || total
-------------------------+-------+-------++-------
Melee: Unarmed           |    14 |       ||    14
       Tentacles         |    10 |     5 ||    15
       Constrict         |     8 |     7 ||    15
       Dagger            |    25 |    38 ||    63
       Punch             |     1 |       ||     1
 Cast: Foxfire           |    50 |    55 ||   105
  Use: Potion            |       |     4 ||     4
       Scroll            |       |     2 ||     2
 Stab: Sleeping          |     6 |    10 ||    16
Armor: Skin              |     1 |       ||     1
Dodge: Dodged            |    29 |    18 ||    47
Block: Other             |     1 |     5 ||     6
       Reflection        |       |     1 ||     1

Table legend: (Time is in decaauts)
 A = Elapsed time spent in this place.
 B = Non-inter-level travel time spent in this place.
 C = Inter-level travel time spent in this place.
 D = Time resting spent in this place.
 E = Time spent auto-exploring this place.
 F = Levels seen in this place.
 G = Mean time per level.
                   A        B        C        D        E       F      G
               +--------+--------+--------+--------+--------+-----+--------+
         Total |   3104 |   3024 |     80 |     99 |   1940 |   5 |  620.8 |
       Dungeon |   3104 |   3024 |     80 |     99 |   1940 |   5 |  620.8 |
               +--------+--------+--------+--------+--------+-----+--------+

Top non-repeatable levels by time:
     D:3: 1243 daAuts
     D:1: 861 daAuts
     D:2: 817 daAuts
     D:4: 171 daAuts
     D:5: 10 daAuts
